 Dungeon Crawl Stone Soup version 0.22.0-38-g04b72b8 (webtiles) character file.

60 ultracola the Sneak (level 3, 0/14 HPs)
             Began as a Felid Enchanter on Aug 30, 2018.
             Slain by a goblin
             ... wielding a +0 club
             ... led by Robin
              (1 damage)
             ... on level 2 of the Dungeon.
             The game lasted 00:03:53 (2315 turns).

ultracola the Sneak (Felid Enchanter)               Turns: 2315, Time: 00:03:53

Health: 0/14       AC:  1    Str:  4    XL:     3   Next: 80%
Magic:  7/7        EV: 18    Int: 17    God:
Gold:   74         SH:  0    Dex: 16    Spells: 3/6 levels left
                                        Lives:  0   Deaths: 0

rFire    . . .     SeeInvis +     - Unarmed
rCold    . . .     Gourm    .   (shield unavailable)
rNeg     . . .     Faith    .   (armour unavailable)
rPois    .         Spirit   .   (helmet unavailable)
rElec    .         Reflect  .   (cloak unavailable)
rCorr    .         Harm     .   (gloves unavailable)
MR       .....                  (boots unavailable)
Stlth    ++++......             (no amulet)
HPRegen  0.04/turn              (no ring)
MPRegen  0.10/turn              (no ring)

@: quick
A: very small, no armour, no weapons or thrown items, stealth, claws 1, fangs 3,
see invisible, carnivore, speed 1, shaggy fur 1, slow metabolism 1, sharp paws
a: no special abilities


You were on level 2 of the Dungeon.
You were completely stuffed.

You visited 1 branch of the dungeon, and saw 2 of its levels.

You collected 74 gold pieces.

Inventory:

Jewellery
 k - a +5 amulet of reflection {unknown}
Scrolls
 a - a scroll of noise
 g - 2 scrolls of identify
Comestibles
 b - 3 rations
 l - 3 chunks of flesh


   Skills:
 - Level 2.6 Dodging
 + Level 5.5 Stealth
 + Level 2.6 Unarmed Combat
 - Level 2.0 Spellcasting
 - Level 4.4 Hexes


You had 3 spell levels left.
You knew the following spells:

 Your Spells              Type           Power        Failure   Level  Hunger
a - Corona                Hex            ###....      3%          1    #......
b - Ensorcelled Hibernat  Hex/Ice        #.....       12%         2    ###....

Your spell library contained the following spells:

 Spells                   Type           Power        Failure   Level  Hunger
 Confuse                  Hex            ###.....     10%         3    ###....
 Tukima's Dance           Hex            ###.....     10%         3    ###....
 Dazzling Spray           Conj/Hex       #.....       24%         3    ###....


Dungeon Overview and Level Annotations

Branches:
Dungeon (2/15)

Altars:

Annotations:
D:2 Robin


Innate Abilities, Weirdness & Mutations

You cannot wear armour.
You are incapable of wielding weapons or throwing items.
Your paws allow you to move quietly. (Stealth)
You have sharp claws.
You have razor-sharp teeth.
You have supernaturally acute eyesight. (SInv)
You are carnivorous and can eat meat at any time.
You cover ground quickly.
You are covered in fur. (AC +1)
You have a slow metabolism.
Your sharp claws are effective at attacking unaware monsters.


Message History

The goblin completely misses you.
Robin says, "My army is invincible!"
The goblin hits you but does no damage. The goblin completely misses you.
As you read the scroll labeled ISONAN QECUSS, it crumbles to dust.
It is a scroll of enchant armour.
You aren't carrying any armour which can be enchanted further.
The goblin barely misses you. x4; The goblin hits you with a club.
The goblin misses you.
As you read the scroll labeled CELOANOWEN, it crumbles to dust.
It is a scroll of enchant weapon.
You aren't carrying any weapons that can be enchanted.
The goblin barely misses you. The goblin completely misses you.
The goblin hits you but does no damage. The goblin hits you with a club!
Ouch! That really hurt!
* * * LOW HITPOINT WARNING * * *
Unknown command.
It was a potion of magic.
Magic courses through your body. The goblin misses you.
The goblin completely misses you. The goblin hits you with a club.
You die...

#.####.#####..........#
#
#............###......#
#.###.....(...........#
#....r##.#######
#.###)##.# # #)##.#
#.##.##


#grggg# ##(##@g# #...#gg# #....†.gK# #..g.....# #...%..#.# #......##.# .....#...
.. #.#.###... ... ...# #.... You could see Robin (inner flame), 7 goblins, a
kobold and a rat (inner flame).

Vanquished Creatures
  2 adders (D:2)
  An ooze (D:1)
  A worm (D:2)
  A dart slug (D:2)
  2 leopard geckos (D:1)
  2 bats (D:1)
  4 hobgoblins
  4 jackals (D:2)
  A frilled lizard (D:2)
  5 goblins
  5 kobolds
  3 rats (D:1)
31 creatures vanquished.

Notes
Turn   | Place    | Note
-------+----------+-------------------------------------------
     0 | D:1      | ultracola the Felid Enchanter began the quest for the Orb.
     0 | D:1      | Reached XP level 1. HP: 7/7 MP: 4/4
   392 | D:1      | Reached XP level 2. HP: 11/11 MP: 6/6
   396 | D:1      | Learned a level 2 spell: Ensorcelled Hibernation
  1479 | D:2      | Reached skill level 5 in Stealth
  1697 | D:2      | Reached XP level 3. HP: 9/14 MP: 2/7
  2299 | D:2      | Noticed Robin
  2315 | D:2      | Slain by a goblin

Skill      XL: |  1  2 |
---------------+-------+-----
Unarmed Combat | 2 |  2.6
Stealth        | 5 |  5.5
Dodging        | |  2.6
Spellcasting   | |  2.0
Hexes          | |  4.4

Action                   || total
-------------------------++-------
Melee: Unarmed           ||    74
       Bite              ||     4
 Cast: Corona            ||     4
       Ensorcelled Hiber ||    23
  Use: Scroll            ||     5
       Potion            ||     4
 Stab: Sleeping          ||    19
  Eat: Chunk             ||    12
Armor: Skin              ||     9
Dodge: Dodged            ||    91
